Map: King's Cove LE

Players

wootwoot - Winner!

  • Race: Zerg Zerg
  • League: Platinum
  • Spawn Location: 11:00

MelGibson

  • Race: Terran Terran
  • League: Gold
  • Spawn Location: 5:00

VOD

Have the link to the VOD?

Description

Time

  • Played on: April 1, 2025, 7:50 p.m.
  • Length: 4:01
Show
View Real Time Build Order
Export as new Build Order

wootwoot Zerg - Winner!

Build Orders: Hatch First 

Get SALT Encoding   

  12  0:02  Drone  
  13  0:08  Drone  
  14  0:16  Extractor  
  14  0:17  Drone  
  15  0:24  Overlord  
  15  0:42  Drone x2  
  17  0:56  Hatchery  
  16  1:00  Drone  
  16  1:02  Extractor  
  16  1:03  Drone  
  17  1:07  Drone  
  17  1:09  Extractor  
  17  1:24  Spawning Pool  
  16  1:27  Drone  
  16  1:31  Drone  
  18  1:39  Drone  
  19  1:50  Overlord  
  19  2:11  Queen x2  
  19  2:13  Metabolic Boost  
  23  2:19  Zergling x2  
  23  2:21  Zergling x2  
  25  2:23  Zergling x2  
  25  2:27  Zergling x2  
  27  2:31  Zergling x2  
  27  2:34  Zergling x2  
  29  2:44  Drone, Baneling Nest  
  30  2:47  Zergling x2  
  30  2:53  Zergling x2  
  30  2:54  Zergling x2  
  32  3:00  Zergling x2  
  32  3:02  Zergling x2  
  34  3:17  Zergling x4  
  36  3:27  Baneling x5  
  36  3:28  Baneling  
  35  3:34  Overlord x2  
Show
View Real Time Build Order
Export as new Build Order

MelGibson Terran 

Build Orders:  

Get SALT Encoding   

  12  0:00  SCV  
  13  0:12  SCV  
  14  0:20  Supply Depot  
  14  0:25  SCV  
  15  0:30  Refinery  
  15  0:41  SCV  
  16  0:54  SCV  
  17  0:59  Barracks  
  17  1:06  SCV  
  18  1:18  SCV  
  19  1:30  SCV  
  20  1:45  Command Center  
  20  1:48  Reaper  
  20  1:50  Orbital Command  
  21  2:02  Factory  
  21  2:08  Supply Depot  
  22  2:15  SCV  
  22  2:24  Barracks Reactor  
  22  2:34  SCV  
  23  2:46  SCV  
  23  2:47  Command Center  
  24  2:58  SCV  
  24  3:01  Orbital Command  
  25  3:11  SCV  
  26  3:17  Hellion x2  
  30  3:23  SCV  
  30  3:38  Barracks  
  32  3:46  Factory  
Tags
 
Matchup
TvZ
Replay Pack
B2M-Replays
Spawn Locations
Cross Positions
Add a new tag
Caveats
  • Supply blocks, unpowered buildings, or Contaminate may cause inaccurate times.
  • Supply counts are checked every 10 seconds.